 Dungeon Crawl Stone Soup version 0.31-a0-152-g6aa68a64a1 (webtiles) character file.

Game seed: 13033822527751811519

1763536 backslashecho the Slayer (level 26, 264/264 HPs)
             Began as a Minotaur Berserker on June 10, 2023.
             Was a High Priest of Trog.
             Escaped with the Orb
             ... and 3 runes!
             The game lasted 03:32:35 (61381 turns).

backslashecho the Slayer (Minotaur Berserker)      Turns: 61381, Time: 03:32:35

Health: 264/264    AC: 46    Str: 32    XL:     26   Next: 10%
Magic:  28/28      EV: 16    Int:  6    God:    Trog [*****.]
Gold:   4136       SH: 32    Dex: 19    Spells: 25/25 levels left

rFire   + + .        a - +4 broad axe "Rikyocos" {flame, rF+ Will+}
rCold   + + .        o - +2 tower shield
rNeg    + . .        h - +11 crystal plate armour of Geapier {Harm rN+}
rPois   +            c - +2 hat {SInv}
rElec   +            m - +2 cloak {Will+}
rCorr   +            N - +2 pair of gloves {Str+3}
SInv    +            B - +0 pair of boots
Will    +++..        K - amulet "Oriviaczy" {Reflect Regen+ Str+2 SH+5} Stlth
                     t - ring "Faoluof" {Drain rPois rC+++ rCorr MP+9, =R}
HPRegen 1.44/turn    R - ring "Mybekus" {Fire rElec Int+2 Dex+4}
MPRegen 0.21/turn

%: harm (+30% outgoing, +20% incoming), reflection
@: studying 2 skills
A: horns 2, retaliatory headbutt, deformed body, dopey 1, low MP 1, inability to
drink after injury 1
0: Orb of Zot
}: 3/15 runes: decaying, silver, gossamer
a: Renounce Religion, Berserk, Trog's Hand, Brothers in Arms


You escaped.
You worshipped Trog.
Trog was extremely pleased with you.
You visited 10 branches of the dungeon, and saw 48 of its levels.
You also visited: Volcano, Wizlab and Desolation.

You collected 10881 gold pieces.
You spent 6745 gold pieces at shops.

Inventory:

Hand Weapons
 a - the +4 broad axe "Rikyocos" (weapon) {flame, rF+ Will+}
   (Trog gifted it to you on level 4 of the Spider Nest)

   rF:        It protects you from fire.
   Will:      It increases your willpower.
 b - the +4 consecrated labrys {holy, Valiant Fragile Fly SInv}
   (Trog gifted it to you on level 1 of the Orcish Mines)

   Valiant:   It becomes more powerful as more dangerous foes come into view.
   SInv:      It lets you see invisible.
   Fly:       It grants you flight.
   Fragile:   It will be destroyed if unequipped.
Missiles
 n - 25 curare-tipped darts (quivered)
 D - 3 throwing nets
Armour
 c - a +2 hat of see invisible (worn)
 h - the +11 crystal plate armour of Geapier (worn) {Harm rN+}
   (You acquired it on level 2 of the Realm of Zot)

   rN:        It protects you from negative energy.
   Harm:      It increases damage dealt and taken.
 i - a scarf of repulsion
 m - a +2 cloak of willpower (worn)
 o - a +2 tower shield (worn)
 B - a +0 pair of boots (worn)
 N - a +2 pair of gloves of strength (worn)
 S - +9 gold dragon scales
 T - the +7 scale mail of Ciurrid {Rampage}
   (You found it on level 3 of the Realm of Zot)

   Rampage:   It bestows one free step when moving towards enemies.
Jewellery
 g - a ring of flight
 t - the ring "Faoluof" (left hand) {Drain rPois rC+++ rCorr MP+9, =R}
   (You bought it in a shop on level 2 of the Depths)

   [ring of magical power]

   rC:        It renders you almost immune to cold.
   rPois:     It protects you from poison.
   MP:        It affects your magic capacity (+9).
   rCorr:     It protects you from acid and corrosion.
   Drain:     It drains your maximum health when unequipped.
 K - the amulet "Oriviaczy" (around neck) {Reflect Regen+ Str+2 SH+5}
   (You bought it in a shop on level 9 of the Dungeon)

   [amulet of reflection]

   It reflects blocked missile attacks.
   Str:       It affects your strength (+2).
   Regen:     It increases your rate of health regeneration.
   SH:        It affects your SH (+5).
 O - a ring of positive energy
 R - the ring "Mybekus" (right hand) {Fire rElec Int+2 Dex+4}
   (You bought it in a shop on level 3 of the Depths)

   [ring of fire]

   It enhances your fire magic.
   Int:       It affects your intelligence (+2).
   Dex:       It affects your dexterity (+4).
   rF:        It protects you from fire.
   rC:        It makes you vulnerable to cold.
   rElec:     It insulates you from electricity.
 V - the ring "Peupieb" {rF+ Dex+2 Slay+4}
   (You found it on level 15 of the Dungeon)

   [ring of slaying]

   Dex:       It affects your dexterity (+2).
   Slay:      It affects your accuracy & damage with ranged weapons and melee
   (+4).
   rF:        It protects you from fire.
Wands
 k - a wand of light (15)
 q - a wand of mindburst (25)
 A - a wand of flame (136)
 Y - a wand of iceblast (37)
 Z - a wand of digging (18)
Scrolls
 e - 4 scrolls of poison
 p - 8 scrolls of vulnerability
 u - 20 scrolls of teleportation
 w - 11 scrolls of immolation
 y - 13 scrolls of fear
 E - 2 scrolls of summoning
 I - 6 scrolls of blinking
 J - 5 scrolls of fog
 L - a scroll of magic mapping
 U - a scroll of enchant armour
Potions
 f - 18 potions of curing
 j - 6 potions of cancellation
 r - 4 potions of berserk rage
 s - 17 potions of ambrosia
 v - 8 potions of enlightenment
 x - 8 potions of might
 z - 6 potions of resistance
 C - 3 potions of mutation
 G - 4 potions of magic
 M - 5 potions of heal wounds
 P - 8 potions of invisibility
Miscellaneous
 d - a condenser vane
 F - a phantom mirror
 H - a box of beasts
 Q - a lightning rod (4/4)


   Skills:
 + Level 26.5 Fighting
 + Level 25.0 Axes
 - Level 6.0 Throwing
 + Level 25.0 Armour
 + Level 16.4 Dodging
 + Level 25.0 Shields
 - Level 1.0 Unarmed Combat
 - Level 18.0 Evocations


You had 25 spell levels left.
You didn't know any spells.
Your spell library contained the following spells:

 Spells                   Type           Power      Damage    Failure   Level
 Apportation              Tloc           0%         N/A       97%         1
 Beastly Appendage        Tmut           0%         N/A       97%         1
 Foxfire                  Conj/Fire      0%         2x1d4     97%         1
 Kiss of Death            Conj/Necr      0%         2d5       97%         1
 Magic Dart               Conj           0%         1d3       97%         1
 Blink                    Tloc           0%         N/A       99%         2
 Cigotuvi's Dreadful Rot  Necr/Pois/Air  0%         N/A       99%         2
 Lesser Beckoning         Tloc           0%         N/A       99%         2
 Momentum Strike          Conj/Tloc      0%         3d8       99%         2
 Gell's Gravitas          Tloc           0%         N/A       100%        3
 Inner Flame              Hex/Fire       0%         N/A       100%        3
 Portal Projectile        Hex/Tloc       0%         N/A       100%        3
 Spider Form              Tmut/Pois      0%         N/A       100%        3
 Stone Arrow              Conj/Erth      0%         3d7       100%        3
 Tukima's Dance           Hex            0%         N/A       100%        3
 Vampiric Draining        Necr           0%         2d6       100%        3
 Vhi's Electric Charge    Tloc/Air       0%         N/A       100%        3
 Flame Wave               Conj/Fire      0%         2d4       100%        4
 Passage of Golubria      Tloc           0%         N/A       100%        4
 Sticky Flame             Conj/Fire      0%         2d3       100%        4
 Blade Hands              Tmut           0%         N/A       100%        5
 Borgnjor's Vile Clutch   Necr/Erth      0%         N/A       100%        5
 Iskenderun's Battlesphe  Conj           0%         2d6       100%        5
 Metabolic Englaciation   Hex/Ice        0%         N/A       100%        5
 Conjure Ball Lightning   Conj/Air       0%         3x3d6     100%        6
 Death Channel            Necr           0%         N/A       100%        6
 Leda's Unmaking          Conj/Erth      0%         9d1       100%        6
 Starburst                Conj/Fire      0%         6d3       100%        6
 Malign Gateway           Summ/Tloc      0%         N/A       100%        7
 Storm Form               Tmut/Air       0%         N/A       100%        7


Dungeon Overview and Level Annotations

Branches:
Dungeon (15/15)            Temple (1/1) D:4            Lair (5/5) D:8
  Swamp (4/4) Lair:3       Spider (4/4) Lair:2        Slime (0/5) Lair:4
    Orc (2/2) D:12            Elf (3/3) Orc:2        Vaults (5/5) D:13
  Crypt (0/3) Vaults:2     Depths (4/4) D:15            Zot (5/5) Depths:4
Volcano (visited)          WizLab (visited)         Desolation (visited)

Altars:
Ashenzari
Elyvilon
Gozag
Nemelex Xobeh
Qazlal
Sif Muna
Uskayaw
Xom
Jiyva

Shops:
D:9 *   Orc:1 (   Orc:2 ***((   Elf:1 (   Elf:3 [   Depths:2 =[   Depths:3 =:=

Portals:
Hell: Depths:1 Depths:2 Depths:3 Depths:4
Abyss: Depths:3
Pandemonium: Depths:1 Depths:2 Depths:4
Ziggurat: Depths:2
Trove: D:12 (give 17 potions of curing)

Annotations:
D:2 1 runed translucent door, 1 exclusion, Crazy Yiuf
D:3 2 transporters, pokeman's ghost, weakling DEHW
D:14 2 transporters, Bukydon's ghost, journeyman MiFi
Spider:4 Roxanne
Elf:2 3 runed translucent doors, exclusion: 3 doors
Depths:4 2 exclusions
Zot:1 1 exclusion
Zot:2 exclusions: 2 draconian stormcallers and 7 more exclusions
Zot:5 1 exclusion


Innate Abilities, Weirdness & Mutations

You have a pair of horns on your head.
You reflexively headbutt those who attack you in melee.
Armour fits poorly on your strangely shaped body.
You are dopey. (Int -2)
Your magical capacity is low. (-10% MP)
You occasionally lose the ability to drink potions when taking damage.


Message History

The bolt of cold hits you! You resist.
You take 9 damage, and have 255/264 hp.
The blizzard demon hits you but does no damage.
You block the blizzard demon's attack.
You regained 2 hp, and now have 257/264 hp.
You slash the blizzard demon! You burn the blizzard demon.
The blizzard demon is moderately wounded.
You carve the blizzard demon like a ham!!!
You burn the blizzard demon!
You kill the blizzard demon!
Trog accepts your kill.
You feel your intelligence returning.
No target in view!
No target in view!
(D) Dungeon (T) Temple (L) Lair (S) Swamp (N) Spider Nest (M) Slime Pits (O) Orcish Mines (E) Elven Halls (V) Vaults (C) Crypt (U) Depths (H) Hell (Z) Zot
Where to? (Enter - Temple, ? - help)
There is an open door here.
HP restored.
There is a staircase to the Ecumenical Temple here.
You climb downwards.
Welcome back to the Ecumenical Temple!
There is a staircase back to the Dungeon here.
Health restored: 264 You climb upwards.
Welcome back to the Dungeon!
There is a staircase to the Ecumenical Temple here.
(D) Dungeon (T) Temple (L) Lair (S) Swamp (N) Spider Nest (M) Slime Pits (O) Orcish Mines (E) Elven Halls (V) Vaults (C) Crypt (U) Depths (H) Hell (Z) Zot
Where to? (Enter - Temple, ? - help)
What level of the Dungeon? (default 1, ? - help) As you open the door, it creaks loudly!
There is an open door, spattered with blood here.
Things that are here:
a +0 whip; a +0 spear
There is a stone staircase leading up here.
You climb upwards.
Level annotation: 2 transporters, pokeman's ghost, weakling DEHW
There is a stone staircase leading down here.
There is a stone staircase leading up here.
You climb upwards.
Level annotation: 1 runed translucent door, 1 exclusion, Crazy Yiuf
There is a stone staircase leading down here.
There is a stone staircase leading up here.
You climb upwards.
There is a stone staircase leading down here.
There is a staircase leading out of the dungeon here.
You have escaped!

(...........#...############.#
#####.##.................# #.#
#.###...#.#.########.# #.#
#....................# #.#
###.##..###..........# #.#
#.##..# #..........# #.#
#######.##..###.....♣....###.#
#...........##.....8......†..#
#.#####.###.##..@.......######
#.#####.###.##..........#
............##..........#
#.#####.###.##..........# #.#
#.# #.##.########.# #.#
#.###....########.# ..#
#.................# ###
###################


There were no monsters in sight!

Vanquished Creatures
  A dread lich (Vaults:4)
  3 orbs of fire
  Mara (Vaults:4)
  2 ancient liches (Vaults:5)
  A juggernaut (Depths:4)
  Sojobo (D:15)
  the Lernaean hydra (Swamp:4)
  Parghit (Zot:1)
  Vv (Zot:1)
  Bai Suzhen (Depths:2)
  8 Killer Klowns
  Margery (Vaults:4)
  3 curse toes
  Nikola (Spider:4)
  11 golden dragons
  4 bone dragons
  4 caustic shrikes
  Arachne (Spider:4)
  2 electric golems
  3 doom hounds
  19 tentacled monstrosities
  24 Orb Guardians
  Jorgrun (Orc:1)
  Mlioglotl (Swamp:4)
  2 liches
  Grunn (Depths:2)
  3 titans
  A deep elf blademaster (Elf:3)
  5 quicksilver dragons
  2 deep elf master archers (Elf:3)
  8 sphinxes
  4 death cobs
  A thorn hunter (Swamp:3)
  17 shadow dragons
  10 storm dragons
  6 tengu reavers
  Kirke (Swamp:4)
  Gastronok (D:8)
  2 nagarajas (WizLab)
  5 draconian monks
  A fenstrider witch (Swamp:3)
  11 deep elf sorcerers
  6 frost giants
  22 vault wardens
  4 draconian knights
  7 fire giants
  2 iron dragons
  4 ghouls (Swamp:4)
  A ghost moth (shapeshifter) (Vaults:5)
  A balrug (Zot:3)
  8 ghost moths
  Aizul (Depths:2)
  7 draconian scorchers
  8 draconian annihilators
  6 deep elf elementalists (Elf:3)
  8 draconian shifters
  An orc warlord (Orc:2)
  2 caustic shrike zombies (Depths:2)
  4 demonspawn corrupters (WizLab)
  22 stone giants
  2 formless jellyfish
  3 draconian stormcallers
  3 broodmothers
  26 ironbound preservers
  6 war gargoyles
  6 spriggan defenders
  5 ironbound thunderhulks
  2 vampire knights (Depths:2)
  21 very ugly things
  Nessos (D:14)
  4 black draconians
  12 spark wasps
  6 deep elf demonologists
  5 yellow draconians
  6 eleionomae
  8 green draconians
  9 white draconians
  14 dire elephants
  8 deep elf annihilators
  A halazid warlock (Desolation)
  7 red draconians
  A lorocyproca (Zot:4)
  2 bunyips (Swamp:3)
  6 purple draconians
  3 crystal guardians (Desolation)
  9 deep elf death magi
  A blizzard demon (D:4)
  8 ettins
  5 fire dragons
  A merfolk javelineer (WizLab)
  7 entropy weavers
  6 deep elf high priests
  A great orb of eyes (shapeshifter) (Vaults:2)
  A shambling mangrove (Swamp:2)
  18 yaktaur captains
  Fannar (Orc:1)
  10 great orbs of eyes
  2 rakshasas (Depths:2)
  8 ragged hierophants (Desolation)
  3 ice dragons
  28 vault guards
  2 servants of whispers (Desolation)
  18 hydras
  8 ironbound frosthearts
  5 jorogumos
  2 spriggan air magi (Depths:2)
  11 peacekeepers
  2 ogre magi (Vaults:5)
  15 alligators
  6 two-headed ogres
  An anaconda (shapeshifter) (Vaults:4)
  14 centaur warriors
  5 death yaks
  A jorogumo (shapeshifter) (Vaults:5)
  A radroach (Spider:4)
  8 boulder beetles
  4 tengu warriors (D:15)
  5 deep troll shamans
  7 demonic crawlers
  16 hell knights
  14 dancing weapons
  A vampire mage (Vaults:2)
  5 spriggan berserkers
  7 deep troll earth magi
  2 orc high priests (Orc:2)
  A soul eater (D:15)
  Nergalle (Orc:1)
  Sonja (Lair:3)
  7 deep elf knights
  4 skysharks
  5 sun demons (Zot:3)
  Amaemon (Lair:3)
  A fire crab (shapeshifter) (Vaults:2)
  5 goliath frogs
  A sixfirhy (D:15)
  6 iron trolls
  11 pharaoh ants
  A sea snake (shapeshifter) (Vaults:4)
  A flayed ghost (Vaults:5)
  A sun moth (Spider:4)
  A skyshark (shapeshifter) (Vaults:4)
  3 bog bodies
  76 deep trolls
  7 glowing orange brains
  8 spriggan druids
  12 orb spiders
  20 deep elf archers
  A swamp dragon (shapeshifter) (Vaults:5)
  7 orc knights (Orc:2)
  12 wizards
  11 swamp dragons
  12 necromancers
  8 phantasmal warriors
  Pikel (D:5)
  4 steelbarb worms
  A harpy (shapeshifter) (D:14)
  13 deep elf pyromancers
  13 deep elf zephyrmancers
  21 ironbound convokers
  10 lindwurms
  A fire giant zombie (Depths:2)
  4 large abominations (Elf:1)
  7 cyclopes
  5 manticores
  17 wolf spiders
  A cyclops (shapeshifter) (Depths:1)
  28 ugly things
  5 will-o-the-wisps
  2 worldbinders (WizLab)
  A manticore (shapeshifter) (Vaults:5)
  A sphinx skeleton (Depths:2)
  7 orc sorcerers (Orc:2)
  27 moths of wrath
  8 elephants
  21 vault sentinels
  A toenail golem (Volcano)
  2 water nymphs (Swamp:1)
  4 torpor snails
  10 slime creatures
  Maurice (Orc:1)
  8 molten gargoyles
  An elephant (shapeshifter) (Vaults:2)
  3 guardian serpents
  2 orange demons
  2 black mambas
  22 cane toads
  4 gargoyles
  3 unseen horrors
  A hellion (Depths:2)
  A rime drake (Lair:3)
  A human zombie (Vaults:3)
  A komodo dragon (shapeshifter) (Vaults:5)
  42 yaktaurs
  5 efreet
  3 freezing wraiths (Vaults:5)
  2 kobold demonologists
  14 komodo dragons
  2 tormentors
  2 bloated husks (Swamp:2)
  2 tengu conjurers (D:15)
  2 yaktaur skeletons (Vaults:3)
  13 trolls
  A queen bee (Lair:1)
  6 meliai
  An ice devil (Depths:2)
  2 meliai (shapeshifter)
  5 hellwings
  A raiju (Spider:2)
  11 tyrant leeches
  12 hornets
  A polar bear (Lair:4)
  A tarantella (shapeshifter) (Elf:2)
  32 tarantellas
  A wind drake (shapeshifter) (Elf:3)
  20 blink frogs
  54 saltlings
  Prince Ribbit (Lair:1)
  12 dream sheep
  A stone giant simulacrum (Vaults:1)
  A jumping spider (shapeshifter) (D:13)
  An ettin skeleton (Vaults:3)
  38 jumping spiders
  Sigmund (D:3)
  30 culicivoras
  4 wyverns
  11 spriggans
  7 water elementals
  5 wraiths
  4 vampires
  5 air elementals
  3 shadows
  A ynoxinul (Depths:2)
  4 fire bats (Depths:1)
  2 basilisks
  5 fire elementals
  53 yaks
  5 hogs
  2 steam dragons
  A human simulacrum (Vaults:3)
  50 redbacks
  22 vampire mosquitoes
  A yaktaur simulacrum (Vaults:1)
  A chaos spawn (Depths:3)
  2 wargs
  A swamp worm (shapeshifter) (Vaults:4)
  19 swamp worms
  15 water moccasins
  2 floating eyes (Depths:1)
  3 black bears
  16 orc warriors
  8 swamp drakes
  A sky beast (D:8)
  6 ogres
  A boggart (Vaults:2)
  4 wolves
  14 centaurs
  2 lemures (D:5)
  14 kobold brigands
  A phantom (D:5)
  28 bullfrogs
  3 elf zombies (Elf:1)
  4 scorpions
  4 earth elementals
  6 wights
  22 killer bees
  7 howler monkeys
  10 electric eels
  2 lava snakes (Lair:5)
  2 hounds (D:6)
  13 orc priests
  3 gnoll boudas (D:7)
  2 iguanas
  3 sleepcaps
  9 orc wizards
  15 gnolls
  10 adders
  2 shadow imps
  3 white imps
  An ufetubus (D:5)
  3 worms
  A dart slug (D:1)
  43 orcs
  6 ball pythons
  4 endoplasms
  5 giant cockroaches
  6 goblins
  3 hobgoblins
  6 jackals
  8 quokkas
  3 bats (D:1)
  34 kobolds
  4 rats
2107 creatures vanquished.

Vanquished Creatures (collateral kills)
  An electric golem (Zot:5)
  2 orc knights (Orc:1)
  2 orc warriors (Orc:1)
  2 ogres (Orc:1)
  3 orcs
10 creatures vanquished.

Vanquished Creatures (others)
  A golden dragon (Zot:5)
  A tengu reaver (D:15)
  A vault guard (Vaults:5)
  A merfolk aquamancer (WizLab)
  A wizard (WizLab)
  A steelbarb worm (Spider:4)
  3 bloated husks
  A lava snake (Lair:5)
  An orc priest (D:12)
  2 fire vortices (Volcano)
  18 foxfires
31 creatures vanquished.

Grand Total: 2148 creatures vanquished

Notes
Turn   | Place    | Note
-------+----------+-------------------------------------------
     0 | D:1      | backslashecho the Minotaur Berserker began the quest for
                  | the Orb.
     0 | D:1      | Reached XP level 1. HP: 19/19 MP: 0/0
   145 | D:1      | Reached XP level 2. HP: 18/27 MP: 1/1
   219 | D:1      | Reached skill level 1 in Unarmed Combat
   299 | D:1      | Found a faded altar of an unknown god.
   595 | D:1      | Reached ** piety under Trog
   936 | D:2      | Reached XP level 3. HP: 33/33 MP: 2/2
  1059 | D:2      | Identified the +1 leather armour of the Shining Light
                  | {Str-4 Int+4 Dex+3}
  1120 | D:2      | Found a shimmering altar of Xom.
  1172 | D:2      | Found a runed translucent door.
  1173 | D:2      | Noticed Crazy Yiuf
  1229 | D:2      | Reached skill level 4 in Fighting
  1586 | D:3      | Noticed Sigmund
  1586 | D:3      | You fall into a shaft and drop 1 floor!
  1602 | D:4      | Found a staircase to the Ecumenical Temple.
  1636 | D:4      | Reached XP level 4. HP: 22/40 MP: 3/3
  1649 | Temple   | Entered the Ecumenical Temple
  1882 | D:4      | Noticed a bullfrog
  1893 | D:4      | Killed a bullfrog
  1894 | D:4      | Reached skill level 5 in Axes
  1894 | D:4      | Reached XP level 5. HP: 47/47 MP: 4/4
  2943 | D:3      | Found a stormy altar of Qazlal.
  3063 | D:3      | Reached XP level 6. HP: 53/53 MP: 5/5
  3135 | D:3      | Reached skill level 1 in Shields
  3163 | D:3      | Killed Sigmund
  3164 | D:3      | Reached skill level 5 in Armour
  3331 | D:3      | Noticed pokeman's ghost (weakling DEHW)
  3332 | D:3      | Found a transporter.
  3333 | D:3      | Found a transporter.
  3334 | D:3      | Identified the +5 giant club of Living Defiance {antimagic,
                  | Str+3 SInv}
  3585 | D:5      | Entered Level 5 of the Dungeon
  3866 | D:5      | Found a shimmering blue altar of Sif Muna.
  3908 | D:5      | Noticed Pikel
  3972 | D:5      | Killed Pikel
  3973 | D:5      | Reached XP level 7. HP: 33/60 MP: 6/6
  4155 | D:5      | Noticed a wyvern
  4159 | D:5      | Killed a wyvern
  4160 | D:5      | Reached XP level 8. HP: 67/67 MP: 7/7
  4200 | D:5      | Found a hide-covered altar of Uskayaw.
  5255 | D:6      | Reached *** piety under Trog
  5332 | D:6      | Reached skill level 5 in Shields
  5565 | D:6      | Reached XP level 9. HP: 71/72 MP: 8/8
  6157 | D:7      | Reached skill level 10 in Axes
  6166 | D:7      | Got the Handbook of Space
  6630 | D:7      | Reached skill level 10 in Armour
  7295 | D:8      | Found a staircase to the Lair.
  7298 | D:8      | Noticed a komodo dragon
  7316 | D:8      | Killed a komodo dragon
  7627 | D:8      | Reached XP level 10. HP: 71/80 MP: 9/9
  7667 | D:8      | Found a shimmering altar of Xom.
  7751 | D:8      | Noticed Gastronok
  7829 | D:8      | Killed Gastronok
  7996 | D:8      | Noticed a two-headed ogre
  8006 | D:8      | Killed a two-headed ogre
  8803 | D:9      | Found Fywn's Neck Hole.
  8811 | D:9      | Bought a scarf of repulsion for 180 gold pieces
  8985 | D:9      | Noticed an orange demon
  9030 | D:9      | Reached **** piety under Trog
  9071 | D:9      | Identified the +0 ring mail of Thoughtfulness {Rampage
                  | Will- Str+6}
  9133 | D:9      | Found a broken altar of Ashenzari.
  9285 | D:10     | Entered Level 10 of the Dungeon
  9298 | D:9      | Reached XP level 11. HP: 62/85 MP: 10/10
 10294 | D:11     | Noticed a boulder beetle
 10300 | D:11     | Noticed a two-headed ogre
 10488 | D:10     | Killed a boulder beetle
 10685 | D:11     | Killed a two-headed ogre
 11553 | D:12     | Noticed a centaur warrior
 11566 | D:12     | Killed a centaur warrior
 11885 | D:12     | Noticed a centaur warrior
 11894 | D:12     | Killed a centaur warrior
 11972 | D:12     | Reached skill level 15 in Axes
 12204 | D:12     | Found a staircase to the Orcish Mines.
 12334 | D:12     | Found a portal to a secret trove of treasure.
 12458 | D:12     | Reached XP level 12. HP: 92/92 MP: 11/11
 12461 | D:12     | Reached skill level 1 in Evocations
 12633 | D:12     | Reached skill level 10 in Shields
 12737 | Orc:1    | Entered Level 1 of the Orcish Mines
 12906 | Orc:1    | You fall into a shaft and drop 1 floor!
 12906 | Orc:2    | Entered Level 2 of the Orcish Mines
 12906 | Orc:2    | Found a staircase to the Elven Halls.
 13120 | Orc:2    | Reached ***** piety under Trog
 13226 | Orc:1    | Noticed Fannar
 13229 | Orc:1    | Noticed Maurice
 13231 | Orc:1    | Noticed Nergalle
 13247 | Orc:1    | Killed Fannar
 13259 | Orc:1    | Killed Nergalle
 13263 | Orc:1    | Killed Maurice
 13263 | Orc:1    | Received a gift from Trog
 13263 | Orc:1    | Found the +4 consecrated labrys {holy, Valiant Fragile Fly
                  | SInv}
 13264 | Orc:1    | Reached skill level 15 in Armour
 13420 | Orc:1    | Noticed Jorgrun
 13434 | Orc:1    | Killed Jorgrun
 13749 | Orc:2    | Found a runed translucent door.
 13790 | Orc:2    | Found Tyubbu's Antique Weapon Emporium.
 13987 | Orc:1    | Found Qebey's Weapon Boutique.
 14243 | Orc:2    | Noticed a two-headed ogre
 14256 | Orc:2    | Killed a two-headed ogre
 14263 | Orc:2    | Reached XP level 13. HP: 99/99 MP: 12/12
 14333 | Orc:2    | Noticed an orc warlord
 14372 | Orc:2    | Killed an orc warlord
 14812 | D:9      | Bought the amulet "Oriviaczy" {Reflect Regen+ Str+2 SH+5}
                  | for 618 gold pieces
 14985 | Orc:2    | Found Ziboy's Weapon Emporium.
 15078 | Orc:2    | Found Witzyu's Assorted Antiques.
 15080 | Orc:2    | Found Doatiodeu's Assorted Antiques.
 15105 | Orc:2    | Found Suc Vui's General Store.
 15111 | Orc:2    | Reached skill level 5 in Evocations
 15438 | Orc:2    | Bought a pair of glowing gloves for 247 gold pieces
 15780 | Lair:1   | Entered Level 1 of the Lair of Beasts
 16085 | Lair:1   | Reached skill level 5 in Fighting
 16426 | Lair:1   | Noticed Prince Ribbit
 16462 | Lair:1   | Killed Prince Ribbit
 17205 | Lair:2   | Found a hole to the Spider Nest.
 17260 | Lair:2   | Reached skill level 6 in Fighting
 17293 | Lair:2   | Reached XP level 14. HP: 110/110 MP: 13/13
 17301 | Lair:2   | Found an opulent altar of Gozag.
 18223 | Lair:3   | Received a gift from Trog
 18345 | Lair:3   | Reached skill level 7 in Fighting
 18446 | Lair:3   | Noticed Amaemon
 18482 | Lair:3   | Killed Amaemon
 18546 | Lair:3   | Found a staircase to the Swamp.
 18598 | Lair:3   | Noticed Sonja
 18602 | Lair:3   | Killed Sonja
 18944 | Lair:4   | Found a dark tunnel.
 18950 | Volcano  | Entered a volcano
 19375 | Lair:4   | Found a viscous altar of Jiyva.
 19376 | Lair:4   | Found a staircase to the Slime Pits.
 19519 | Lair:4   | Reached skill level 8 in Fighting
 19888 | Lair:4   | Reached skill level 15 in Shields
 20050 | Lair:5   | Entered Level 5 of the Lair of Beasts
 20117 | Lair:4   | Received a gift from Trog
 20822 | Lair:5   | Reached XP level 15. HP: 123/123 MP: 14/14
 21012 | Lair:5   | Reached skill level 9 in Fighting
 21013 | Lair:5   | Received a gift from Trog
 21100 | Lair:5   | Identified the staff of poison "Imeunaep" {rPois Will+}
 21898 | D:13     | Found a gate to the Vaults.
 22085 | D:13     | Identified the +1 chain mail of the Evening Star {Int+4}
 22677 | D:14     | Noticed Bukydon's ghost (journeyman MiFi)
 22682 | D:14     | Found a transporter.
 22685 | D:14     | Found a transporter.
 22708 | D:14     | Identified the ring of the Supporting Jester {rF+ rCorr}
 22761 | D:14     | Noticed Nessos
 22765 | D:14     | Killed Nessos
 22844 | D:14     | Received a gift from Trog
 23172 | D:15     | Entered Level 15 of the Dungeon
 23642 | D:15     | Found a staircase to the Depths.
 23700 | D:15     | Found a white marble altar of Elyvilon.
 23718 | D:15     | Identified the ring "Peupieb" {rF+ Dex+2 Slay+4}
 24378 | Swamp:1  | Entered Level 1 of the Swamp
 24692 | Swamp:1  | Reached XP level 16. HP: 132/132 MP: 15/15
 24921 | Swamp:1  | Reached skill level 10 in Evocations
 24968 | Swamp:1  | Reached ****** piety under Trog
 25186 | Swamp:2  | Received a gift from Trog
 26139 | Swamp:3  | Noticed a thorn hunter
 26162 | Swamp:3  | Killed a thorn hunter
 26516 | Swamp:4  | Entered Level 4 of the Swamp
 26932 | Swamp:4  | Noticed the 27-headed Lernaean hydra
 26960 | Swamp:4  | Received a gift from Trog
 26980 | Swamp:4  | Got a decaying rune of Zot
 26983 | Swamp:4  | Noticed Mlioglotl
 26997 | Swamp:4  | Killed Mlioglotl
 27067 | Swamp:4  | Noticed Kirke
 27078 | Swamp:4  | Killed Kirke
 27268 | Swamp:4  | Reached XP level 17. HP: 119/138 MP: 16/16
 27432 | Swamp:4  | Killed the 20-headed Lernaean hydra
 27436 | Swamp:4  | Reached skill level 10 in Fighting
 27785 | Spider:1 | Entered Level 1 of the Spider Nest
 28135 | Orc:2    | Bought a condenser vane for 960 gold pieces
 28139 | Orc:2    | Bought a lightning rod (4/4) for 990 gold pieces
 28139 | Orc:2    | Bought a scroll labelled ODOUMU TISOPRO for 33 gold pieces
 28162 | Orc:2    | Bought a scroll of fog for 96 gold pieces
 28162 | Orc:2    | Bought a scroll of magic mapping for 180 gold pieces
 28420 | Spider:1 | Received a gift from Trog
 28767 | Spider:1 | Reached skill level 11 in Fighting
 29145 | Spider:2 | Received a gift from Trog
 29257 | Spider:2 | Reached skill level 12 in Fighting
 29370 | Spider:2 | Reached skill level 5 in Dodging
 31312 | Spider:4 | Entered Level 4 of the Spider Nest
 31462 | Spider:4 | Reached skill level 13 in Fighting
 31472 | Spider:4 | Reached XP level 18. HP: 148/157 MP: 17/17
 31807 | Spider:4 | Noticed Nikola
 31825 | Spider:4 | Killed Nikola
 31993 | Spider:4 | Identified the +4 broad axe "Rikyocos" {flame, rF+ Will+}
                  | (Trog gifted it to you on level 4 of the Spider Nest)
 31993 | Spider:4 | Received a gift from Trog
 32051 | Spider:4 | Noticed Arachne
 32070 | Spider:4 | Killed Arachne
 32268 | Spider:4 | Identified Roxanne's Codex of Transfiguration
 32268 | Spider:4 | Noticed Roxanne
 33378 | Spider:4 | Reached skill level 14 in Fighting
 33748 | Spider:4 | Got a gossamer rune of Zot
 34385 | Vaults:1 | Entered Level 1 of the Vaults
 34490 | Vaults:1 | Received a gift from Trog
 34570 | Vaults:1 | Reached skill level 15 in Fighting
 35537 | Vaults:1 | Received a gift from Trog
 35902 | Vaults:2 | Reached XP level 19. HP: 172/172 MP: 18/18
 35941 | Vaults:2 | Reached skill level 16 in Fighting
 36046 | Vaults:2 | Received a gift from Trog
 36071 | Vaults:2 | Reached skill level 17 in Fighting
 36619 | Vaults:2 | Found a staircase to the Crypt.
 36877 | Vaults:2 | Received a gift from Trog
 37062 | Vaults:2 | You fall into a shaft and drop 2 floors!
 37087 | Vaults:4 | Reached skill level 18 in Fighting
 37089 | Vaults:4 | Noticed Mara
 37123 | Vaults:4 | Noticed backslashecho's illusion
 37152 | Vaults:4 | Noticed backslashecho's illusion
 37155 | Vaults:4 | Killed Mara
 37189 | Vaults:4 | Found a crumbling gateway.
 37196 | Desolati | Entered the Desolation of Salt
 37447 | Desolati | Reached XP level 20. HP: 189/189 MP: 19/19
 37598 | Desolati | Identified the +4 hand axe "Transmigrator" {flame, rC+
                  | Str+3 Dex-3} (Trog gifted it to you in the Desolation of
                  | Salt)
 37598 | Desolati | Received a gift from Trog
 37851 | Desolati | Identified the +2 leather armour of Natautt {rC+}
 37863 | Desolati | Identified the ring of Sulote {Wiz rPois rC++ MP-9 Dex+3}
 37875 | Desolati | Reached skill level 19 in Fighting
 37877 | Desolati | Got Sif Muna's Folio of Putridity
 37881 | Desolati | Got the Annotations on the Igneous Vector
 37988 | Desolati | Got Miefot's Octavo of the Voyage
 38028 | Desolati | Reached skill level 1 in Throwing
 38028 | Desolati | Reached skill level 15 in Evocations
 38040 | Desolati | Got the Tractate on Bruises
 38518 | Vaults:3 | Received a gift from Trog
 39210 | Vaults:3 | Reached skill level 20 in Fighting
 39269 | Vaults:3 | Identified the +5 scale mail "Geofaf" {+Blink rF+ Will-}
 39889 | Vaults:4 | Noticed Margery
 39911 | Vaults:4 | Killed Margery
 40263 | Vaults:4 | Received a gift from Trog
 40284 | Vaults:4 | Reached skill level 5 in Throwing
 40632 | Vaults:4 | Received a gift from Trog
 40636 | Vaults:4 | Reached skill level 21 in Fighting
 41113 | Vaults:4 | Reached XP level 21. HP: 195/195 MP: 20/20
 41477 | Depths:1 | Entered Level 1 of the Depths
 41580 | Depths:1 | Noticed Sojobo
 41729 | D:15     | Killed Sojobo
 41897 | Depths:1 | Received a gift from Trog
 42012 | Depths:1 | Paralysed by a floating eye for 4 turns
 42070 | Depths:1 | Found a gateway to Hell.
 42223 | Depths:1 | Found a one-way gate leading to the halls of Pandemonium.
 42642 | Depths:2 | Found a one-way gateway to a ziggurat.
 42643 | Depths:2 | Noticed Aizul
 42668 | Depths:1 | HP: 9/196 [???[a doom hound] (7)]
 43000 | Depths:2 | Noticed Grunn
 43219 | Depths:2 | Killed Grunn
 43237 | Depths:2 | Found Talo's Antique Armour Shoppe.
 43241 | Depths:2 | Found Jevipp's Jewellery Emporium.
 43289 | Depths:2 | Bought the ring "Faoluof" {Drain rPois rC+++ rCorr MP+9}
                  | for 1390 gold pieces
 43370 | Depths:2 | Noticed Bai Suzhen
 43387 | Depths:2 | Killed Bai Suzhen
 43609 | Depths:2 | Killed Aizul
 43722 | Depths:2 | Identified the +7 quarterstaff of Famine {heavy, Str+3}
                  | (Trog gifted it to you on level 2 of the Depths)
 43722 | Depths:2 | Received a gift from Trog
 43987 | Depths:2 | Noticed a caustic shrike
 43997 | Depths:2 | Killed a caustic shrike
 44008 | Depths:2 | Noticed a golden dragon
 44008 | Depths:2 | Identified the ring "Loibin" {rCorr AC+4 Int+3 Dex+4
                  | Slay-6}
 44012 | Depths:2 | Identified the amulet of Giymeam {RegenMP Fly Will+}
 44022 | Depths:2 | Reached XP level 22. HP: 164/213 MP: 21/21
 44026 | Depths:2 | Killed a golden dragon
 44052 | Depths:2 | Identified the amulet "Muoddeuth" {Acrobat Stlth+}
 44059 | Depths:2 | Identified the ring "Puare" {Ice rPois}
 44486 | Depths:3 | Found a one-way gate to the infinite horrors of the Abyss.
 44973 | Depths:3 | Found Yteny's Jewellery Shoppe.
 44973 | Depths:3 | Found Dour's Book Shop.
 44974 | Depths:3 | Found Xannusu's Jewellery Shoppe.
 45036 | Depths:4 | Entered Level 4 of the Depths
 45214 | Depths:4 | Noticed a caustic shrike
 45219 | Depths:4 | Noticed a caustic shrike
 45221 | Depths:4 | Noticed a caustic shrike
 45236 | Depths:3 | Killed a caustic shrike
 45248 | Depths:3 | Killed a caustic shrike
 45249 | Depths:3 | Reached skill level 10 in Dodging
 45349 | Depths:3 | Killed a caustic shrike
 45758 | Depths:3 | Received a gift from Trog
 46347 | Depths:4 | Noticed a golden dragon
 46366 | Depths:4 | Killed a golden dragon
 46429 | Depths:4 | Found a gate to the Realm of Zot.
 46536 | Depths:4 | Noticed a juggernaut
 46543 | Depths:4 | Killed a juggernaut
 47189 | Elf:1    | Entered Level 1 of the Elven Halls
 47262 | Elf:1    | Found Hotegasu's Weapon Shop.
 47645 | Elf:1    | Paralysed by an air elemental for 1 turns
 47693 | Elf:1    | Got the Omnibus of Resurrection
 47765 | Elf:1    | Found a magical portal.
 47814 | WizLab   | Entered Alistair's Party Mansion
 47996 | WizLab   | Paralysed by a sphinx for 4 turns
 48025 | WizLab   | Received a gift from Trog
 48276 | WizLab   | Identified a scroll of acquirement
 48281 | WizLab   | Got the Almanac of Modification
 48329 | WizLab   | Noticed a golden dragon
 48329 | WizLab   | Noticed a golden dragon
 48354 | WizLab   | Got Sumoq's Reference Book on Topological Anthracomancy
 48595 | WizLab   | Acquired 1058 gold pieces
 48896 | Depths:3 | Bought the ring "Mybekus" {Fire rElec Int+2 Dex+4} for 928
                  | gold pieces
 49138 | Elf:3    | Entered Level 3 of the Elven Halls
 49172 | Elf:2    | Paralysed by an air elemental for 1 turns
 49181 | Elf:2    | Reached XP level 23. HP: 197/222 MP: 22/22
 49238 | Elf:2    | Found a runed translucent gate.
 49238 | Elf:2    | Found a runed translucent gate.
 49239 | Elf:2    | Found a runed translucent gate.
 49336 | Elf:2    | Paralysed by an air elemental for 1 turns
 49368 | Elf:2    | Reached skill level 22 in Fighting
 49692 | Elf:2    | Received a gift from Trog
 50293 | Elf:3    | Identified the +2 broad axe of Othrimoett {freeze, *Corrode
                  | +Blink rPois rN++}
 50321 | Elf:3    | Found Naxkuips's Armour Shop.
 50657 | Elf:3    | Received a gift from Trog
 50955 | Elf:3    | Identified the +1 leather armour of Makhleb's Reproof {Fly
                  | rC+++ Will- Dex-4}
 50955 | Elf:3    | Identified the ring of Orililif {*Slow rC+ rCorr Str+4
                  | Int+2}
 51105 | Elf:3    | Got the Quarto of Assaults
 51179 | Elf:3    | Identified the +1 halberd "Jantaj" {heavy, Will++ Str+4}
 51199 | Elf:3    | Got the Catalogue of the Excruciating Cumulonimbus
 51215 | Elf:3    | Identified the staff of earth "Wuuczout" {Dex+2 Stlth+}
 51218 | Elf:3    | Identified the staff of cold "Wihe Qonk" {rC+ Str+3}
 51316 | Elf:3    | Acquired 1118 gold pieces
 51461 | Orc:2    | Bought a wand of light (4) for 554 gold pieces
 51461 | Orc:2    | Bought a wand of iceblast (4) for 316 gold pieces
 51461 | Orc:2    | Bought a potion of curing for 99 gold pieces
 51483 | Orc:2    | Bought a scroll of teleportation for 33 gold pieces
 51483 | Orc:2    | Bought a potion of invisibility for 88 gold pieces
 51483 | Orc:2    | Bought a scroll of teleportation for 33 gold pieces
 51821 | Vaults:5 | Entered Level 5 of the Vaults
 51836 | Vaults:5 | Received a gift from Trog
 51944 | Vaults:5 | Reached skill level 23 in Fighting
 52007 | Vaults:5 | Noticed a dread lich
 52056 | Vaults:4 | Killed a dread lich
 52296 | Vaults:5 | Reached XP level 24. HP: 232/233 MP: 22/22
 52426 | Vaults:5 | Noticed an ancient lich
 52443 | Vaults:5 | Killed an ancient lich
 52517 | Vaults:5 | Identified the +5 hand axe "Qudot" {heavy, Str+4 Int-2
                  | SInv} (Trog gifted it to you on level 5 of the Vaults)
 52517 | Vaults:5 | Received a gift from Trog
 52525 | Vaults:5 | Identified the +3 battleaxe "Unnouzoi" {flame, rC+ rN+
                  | Str+2}
 52669 | Vaults:5 | Identified the staff of fire "Qen Ekhu" {Fly rElec rF+
                  | Will- Int+5}
 52741 | Vaults:5 | Reached skill level 24 in Fighting
 52982 | Vaults:5 | Got a silver rune of Zot
 52993 | Vaults:5 | Identified the +7 shortbow "Yhawk" {elec, rCorr Str+3}
 53042 | Vaults:5 | Identified the +4 whip of Diqyuc {flame, Will+ Int+2}
 53055 | Vaults:5 | Identified the staff of cold "Ysokky" {rElec rPois rC+}
 53257 | Vaults:5 | Noticed an ancient lich
 53272 | Vaults:5 | Killed an ancient lich
 53846 | Vaults:5 | Got the Catalogue of Interference and Anemomancy
 54247 | Zot:1    | Entered Level 1 of the Realm of Zot
 54527 | Zot:1    | Noticed Parghit
 54547 | Zot:1    | Killed Parghit
 54567 | Zot:1    | You fall into a shaft and drop 1 floor!
 54884 | Zot:1    | Received a gift from Trog
 54888 | Zot:1    | Noticed Vv
 54935 | Zot:1    | Killed Vv
 55510 | Zot:2    | Noticed a Killer Klown
 56064 | Zot:2    | Noticed an orb of fire
 56065 | Zot:2    | Gained mutation: Armour fits poorly on your strangely
                  | shaped body. [an orb of fire]
 56085 | Zot:2    | Gained mutation: You occasionally lose the ability to drink
                  | potions when taking damage. [an orb of fire]
 56090 | Zot:2    | Gained mutation: Your magical capacity is low. (-10% MP)
                  | [an orb of fire]
 56095 | Zot:2    | Killed an orb of fire
 56097 | Zot:2    | Reached skill level 25 in Fighting
 56207 | Zot:2    | Killed a Killer Klown
 56254 | Zot:2    | Reached XP level 25. HP: 201/250 MP: 19/19
 56316 | Zot:2    | Acquired the +11 crystal plate armour of Geapier {Harm rN+}
 58021 | Zot:3    | Reached skill level 15 in Dodging
 58563 | Zot:3    | Identified the +7 scale mail of Ciurrid {Rampage}
 58759 | Zot:3    | Noticed a Killer Klown
 59185 | Zot:5    | Entered Level 5 of the Realm of Zot
 59798 | Zot:5    | Reached skill level 26 in Fighting
 60053 | Zot:5    | Received a gift from Trog
 60243 | Zot:5    | Noticed a Killer Klown
 60251 | Zot:5    | Noticed a Killer Klown
 60279 | Zot:5    | Killed a Killer Klown
 60285 | Zot:5    | Killed a Killer Klown
 60297 | Zot:5    | Noticed an orb of fire
 60299 | Zot:5    | Gained mutation: You are dopey. (Int -2) [an orb of fire]
 60309 | Zot:5    | Killed an orb of fire
 60476 | Zot:5    | Noticed a Killer Klown
 60497 | Zot:5    | Noticed a Killer Klown
 60500 | Zot:5    | Killed a Killer Klown
 60510 | Zot:5    | Killed a Killer Klown
 60518 | Zot:5    | Noticed a Killer Klown
 60533 | Zot:5    | Killed a Killer Klown
 60560 | Zot:5    | Noticed a Killer Klown
 60562 | Zot:5    | Noticed a Killer Klown
 60581 | Zot:5    | Killed a Killer Klown
 60586 | Zot:5    | Killed a Killer Klown
 60720 | Zot:5    | Noticed an orb of fire
 60738 | Zot:5    | Killed an orb of fire
 60739 | Zot:5    | Reached XP level 26. HP: 222/264 MP: 19/19
 60746 | Zot:5    | Got the Orb of Zot
 61157 | D:11     | Noticed Woaq the pandemonium lord
 61381 | D:$      | Escaped with the Orb!

Illustrated notes

Levels and vault maps discovered:
D:1:      wander_arrival_lonely_grave, layout_loops_ring,
          dilly_ecumenical_altar_fadedgnrine
D:2:      layout_rooms, basic_altar, uniq_crazy_yiuf_cottage
D:3:      layout_rooms, grunt_qazlal_clouds, gammafunk_ghost_smash,
          minmay_starry_boxes, uniq_sigmund
D:4:      layout_layer_cave, minmay_temple_entry_hall
D:5:      layout_layer_cave, nicolae_sif_muna_condensation,
          nicolae_overflow_crystal_walls, uniq_pikel
D:6:      layout_cave_pools, roderic_lattice_a
D:7:      layout_basic, nicolae_grassy_gnolls
D:8:      layout_cave_pods, mainiacjoe_overflow_cross_hatched,
          david_lair_shrubbed, hangedman_abyss_or_decor_lesser_grid,
          uniq_gastronok
D:9:      layout_rooms, kennysheep_little_box, special_room
          [special_room_kobold], nicolae_shop_sticking_my_neck_out
D:10:     layout_cave_pools
D:11:     layout_long_grid
D:12:     layout_roguey, minmay_orc_entry_temple_small, enter_trove_0
D:13:     layout_loops_ring, skrybe_vaults_entry_preservation
D:14:     layout_rooms, hangedman_decor_riveting, nzn_ghost_randoct, uniq_nessos
D:15:     hangedman_depths_entry_civil_slaughter, layout_basic, serial_bayou,
          serial_bayou_lake_a, serial_bayou_pond_d, serial_bayou_pond_e,
          serial_bayou_pond_c, small_statue_intersection, elyvilon_altar_5
Temple:   minmay_crystal_spiral_temple
Lair:1:   layout_cave_pods, special_room [special_room_bee], uniq_prince_ribbit2
Lair:2:   layout_roguey, nicolae_spider_entry_non_spiders, basic_altar,
          cheibrodos_lair_reptile_den
Lair:3:   layout_chaotic_city, minmay_swamp_entry_worms, uniq_sonja,
          uniq_amaemon
Lair:4:   layout_gridlike, slime_entry_1, enter_volcano_4
Lair:5:   minmay_lair_end_frog_pond, layout_concentric_octagons,
          nicolae_lair_liquid_snakes, infiniplex_staircase_pool_2
Swamp:1:  layout_basic_swamp, evilmike_swamp_ruin_rubble_1, swamp_pool3,
          nicolae_swamp_nymph_family_reunion, infiniplex_staircase_pool
Swamp:2:  layout_basic_swamp, serial_swamp_ruin, evilmike_swamp_ruin_house_5,
          evilmike_swamp_ruin_rubble_2, evilmike_swamp_ruin_house_4
Swamp:3:  layout_basic_swamp, nicolae_swamp_little_tower, swamp_pool4
Swamp:4:  swamp, layout_basic_swamp, statue_in_the_mist_lemuel, uniq_kirke,
          uniq_mlioglotl
Spider:1: layout_spider_delve, nicolae_spider_world_wide_web
Spider:2: layout_spider_delve, beargit_elvish_explorers
Spider:3: layout_spider_delve
Spider:4: johnstein_spider_rune_arachne_lair, uniq_roxanne, uniq_nikola
Orc:1:    layout_diamond_mine, serial_shops, nicolae_shop_window_shopping,
          uniq_jorgrun, uniq_nergalle, uniq_fannar, uniq_maurice
Orc:2:    hellmonk_orc_salted, layout_diamond_mine, serial_shops, shop,
          lightli_church_of_beogh
Elf:1:    layout_rooms, mu_enter_wizlab_3, serial_shops, shop,
          minmay_elf_necromancy
Elf:2:    elven_hall_of_blades_hangedman_original
          [nicolae_blade_entry_sentries_behind_glass], layout_gridlike,
          serial_glass, glass_columns_b, glass_columns_c, glass_columns_b,
          lemuel_elevator, uniq_donald
Elf:3:    minmay_elf_hall_dome, layout_geoelf_diagonals, serial_shops,
          shop_fountains, einodemon_crawler_minivault, grunt_megastairs_1
Vaults:1: grunt_vaults_twisty, v_alt_pattern_5, ontoclasm_vaults_gateway,
          nicolae_vaults_mini_display_case, nicolae_vaults_double_plus_2,
          serial_ice_g, v_misc_2, ontoclasm_vaults_spin,
          nicolae_vaults_six-pack, layout_vaults_omnicross
Vaults:2: v_misc_2, nicolae_vaults_diagonal_hallway_7, vaults_dpeg_cross,
          ontoclasm_vaults_ring_small, nicolae_vaults_border_crossing,
          minmay_crypt_entry_vampire_xt, nicolae_vaults_trapezoid_lopsided_4,
          nicolae_vaults_apartment_1, vaults_room_stairs_pillars,
          nicolae_vaults_offset_grid_hallway_4, v_misc_15, v_misc_27,
          vaults_mumra_hex, dpeg_vaults_pockets_of_resistance,
          nicolae_vaults_weapon_check, layout_vaults_omnibox
Vaults:3: v_misc_26, hangedman_vaults_maws, nicolae_vaults_network_square,
          ontoclasm_vaults_tryst, v_misc_11, nicolae_vaults_oval_intersection,
          nicolae_vaults_house_3, v_alt_pattern_3, nicolae_vaults_tetromino_T_1,
          layout_vaults_omnigrid
Vaults:4: portal_desolation_entry_nicolae_slug, nicolae_vaults_back_hallway,
          nicolae_vaults_shrinking_rooms_2, dpeg_vaults_waves,
          nicolae_vaults_shelves_hall, nicolae_vaults_stairing_the_circle,
          v_misc_25, grunt_vaults_diagonal, nicolae_vaults_sightless_eye,
          nicolae_vaults_house_2, nicolae_vaults_alarming, layout_vaults_ring,
          uniq_margery, uniq_mara
Vaults:5
Depths:1: layout_cave_shapes, abandoned_shop, grunt_metal_band, pan_entry,
          amcnicky_mini_pool_medium, uniq_sojobo
Depths:2: minmay_the_grid_triangle_9x9_rhombus_thin
          [minmay_the_grid_triangle_9x9_empty,
          minmay_the_grid_triangle_9x9_prize_special,
          minmay_the_grid_triangle_9x9_minimal,
          minmay_the_grid_triangle_9x9_flanged_cone], layout_basic,
          enter_ziggurat_e, rand_demon_pan_entry_1, hell_entry,
          hangedman_decor_push, minmay_shoptagon, uniq_grunn, uniq_aizul,
          uniq_bai_suzhen
Depths:3: minmay_distorted_concentric_squares, layout_cave_pools,
          minmay_misc_feat_rows, hell_entry, abyss_entry, nrook_mini_vaults,
          minmay_shop_grove
Depths:4: evilmike_zot_entry_diamond, layout_cave_shapes,
          pf_hell_entry_tar_spiral, chequers_serial_rivers_small_3, pan_entry
Zot:1:    layout_cathedral_of_symmetry, uniq_vv, uniq_parghit
Zot:2:    lemuel_draconian_sentries, layout_gridlike
Zot:3:    kennysheep_six_static_rooms, layout_onion_interference
Zot:4:    layout_cathedral_of_symmetry, grunt_ministairs_10
Zot:5:    layout_misc_corridors

Skill      XL: |  1  2  3  4  5  6  7  8  9 10 11 12 13 14 15 16 17 18 19 20 21 22 23 24 25 26 |
---------------+-------------------------------------------------------------------------------+-----
Unarmed Combat | 1 |  1.0
Axes           | 4 5 7 8 9 11 13 15 17 18 19 21 22 23 24 25 | 25.0
Fighting       | 4 6 8 9 13 15 18 21 23 25 26 | 26.5
Armour         | 3 4 6 7 8 11 12 14 15 16 17 18 19 20 21 22 23 24 25 | 25.0
Dodging        | 3 6 8 9 11 13 14 16 | 16.4
Shields        | 3 5 6 8 9 11 13 15 18 21 22 23 24 25 | 25.0
Evocations     | 4 6 7 9 11 12 13 14 15 17 18 | 18.0
Throwing       | 6 |  6.0

Action                     |  1- 3 |  4- 6 |  7- 9 | 10-12 | 13-15 | 16-18 | 19-21 | 22-24 | 25-27 || total
---------------------------+-------+-------+-------+-------+-------+-------+-------+-------+-------++-------
  Melee: Hand axe          |    72 |   163 |   244 |       |       |       |       |       |       ||   479
         Headbutt          |    10 |    26 |    61 |   117 |   262 |   304 |   413 |   558 |   173 ||  1924
         War axe           |       |       |    21 |   539 |   564 |       |       |       |       ||  1124
         Broad axe         |       |       |       |       |   628 |  1304 |  1322 |  1622 |   525 ||  5401
         Mace              |       |       |       |       |    11 |       |       |       |       ||    11
         Unarmed           |       |       |       |       |       |       |     3 |       |       ||     3
  Throw: Dart              |       |       |     1 |    28 |       |     9 |       |     6 |     4 ||    48
         Throwing net      |       |       |       |     2 |       |       |       |       |       ||     2
 Invoke: Berserk           |     1 |     2 |    10 |    18 |     6 |     8 |     5 |     9 |       ||    59
         Trog's Hand       |     1 |     2 |     4 |     6 |     4 |     9 |    21 |    23 |     7 ||    77
         Brothers in Arms  |       |       |       |     1 |       |       |     1 |     2 |     3 ||     7
  Evoke: Wand              |       |       |       |     3 |    17 |    16 |     5 |    11 |     5 ||    57
         Box of beasts     |       |       |       |     1 |       |       |       |       |       ||     1
         Condenser vane    |       |       |       |       |       |     1 |     1 |     1 |       ||     3
         Lightning rod     |       |       |       |       |       |       |     1 |       |       ||     1
    Use: Scroll            |     2 |       |    11 |     9 |     7 |     7 |     2 |    14 |     4 ||    56
         Potion            |       |       |       |     3 |       |     3 |     3 |       |     3 ||    12
   Stab: Distracted        |       |       |       |     1 |       |       |       |     1 |       ||     2
         Invisible         |       |       |       |       |       |     1 |       |       |     1 ||     2
         Confused          |       |       |       |       |       |       |       |     1 |       ||     1
 Armour: Animal skin       |     4 |       |       |       |       |       |       |       |       ||     4
         Leather armour    |    14 |       |       |       |       |       |       |       |       ||    14
         Gold dragon scale |    15 |   100 |   158 |   324 |   407 |   491 |   376 |   488 |     1 ||  2360
         Crystal plate arm |       |       |       |       |       |       |       |       |   124 ||   124
  Dodge: Dodged            |    51 |    22 |    43 |   246 |   387 |   367 |   332 |   375 |   109 ||  1932
         Repelled          |       |       |       |     4 |     5 |    13 |    16 |    30 |     5 ||    73
  Block: Buckler           |       |    15 |    49 |   143 |   324 |       |       |       |       ||   531
         Tower shield      |       |       |       |       |   507 |  1676 |  1538 |  1711 |   477 ||  5909
         Reflection        |       |       |       |       |    27 |    50 |    86 |    97 |    13 ||   273

Table legend: (Time is in decaauts)
 A = Elapsed time spent in this place.
 B = Non-inter-level travel time spent in this place.
 C = Inter-level travel time spent in this place.
 D = Time resting spent in this place.
 E = Time spent auto-exploring this place.
 F = Levels seen in this place.
 G = Mean time per level.
                   A        B        C        D        E       F      G
               +--------+--------+--------+--------+--------+-----+--------+
         Total |  60804 |  52806 |   7998 |  10193 |  24819 |  51 | 1192.2 |
       Dungeon |  17725 |  14666 |   3059 |   2992 |   8186 |  15 | 1181.7 |
        Temple |     82 |     81 |      1 |     78 |      0 |   1 |   82.0 |
          Lair |   5646 |   5029 |    617 |    780 |   2609 |   5 | 1129.2 |
         Swamp |   3518 |   3216 |    302 |    575 |   1491 |   4 |  879.5 |
   Spider Nest |   5798 |   4923 |    875 |   1245 |   2253 |   4 | 1449.5 |
  Orcish Mines |   3359 |   2399 |    960 |    740 |    904 |   2 | 1679.5 |
   Elven Halls |   2859 |   2559 |    300 |    114 |   1536 |   3 |  953.0 |
        Vaults |   8083 |   7302 |    781 |   1009 |   3376 |   5 | 1616.6 |
        Depths |   5066 |   4281 |    785 |   1033 |   1694 |   4 | 1266.5 |
           Zot |   6407 |   6094 |    313 |   1070 |   2586 |   5 | 1281.4 |
       Volcano |    393 |    393 |      0 |    161 |     20 |   1 |  393.0 |
        Wizlab |    794 |    794 |      0 |    168 |     45 |   1 |  794.0 |
    Desolation |   1067 |   1067 |      0 |    223 |    117 |   1 | 1067.0 |
               +--------+--------+--------+--------+--------+-----+--------+

Top non-repeatable levels by time:
Spider:3: 2485 daAuts
   Orc:2: 2315 daAuts
Vaults:4: 2047 daAuts
   Zot:2: 2017 daAuts
    D:15: 1739 daAuts
    D:12: 1710 daAuts
Vaults:5: 1660 daAuts
Spider:4: 1659 daAuts
Depths:3: 1588 daAuts
   Zot:3: 1585 daAuts
     D:8: 1563 daAuts
Vaults:3: 1536 daAuts
   Zot:5: 1481 daAuts
Vaults:1: 1443 daAuts
Vaults:2: 1395 daAuts
